 Dungeon Crawl Stone Soup version 0.19.1-28-ge1247f7 (webtiles) character file.

130 Lahna the Ruffian (level 5, -6/46 HPs)
             Began as a Ghoul Monk on Jan 22, 2017.
             Was a Priest of Yredelemnul.
             Mangled by Sigmund
             ... wielding a +0 scythe
              (9 damage)
             ... on level 3 of the Dungeon.
             The game lasted 00:09:28 (2579 turns).

Lahna the Ruffian (Ghoul Monk)                      Turns: 2579, Time: 00:09:28

Health: -6/46      AC:  3    Str: 15    XL:     5   Next: 14%
Magic:  3/5        EV: 13    Int:  5    God:    Yredelemnul [***...]
Gold:   180        SH:  0    Dex: 12    Spells: 0 memorised, 4 levels left

rFire  . . .     SeeInvis .       - Unarmed
rCold  + . .     Gourm    .     a - +0 robe
rNeg   + + +     Faith    .     (no shield)
rPois  ∞         Spirit   .     (no helmet)
rElec  .         Reflect  .     q - +0 cloak
rCorr  .         Harm     .     (no gloves)
MR     .....                    (no boots)
Stlth  ++........               (no amulet)
                                (no ring)
                                (no ring)

@: very slightly contaminated, rotting
A: rotting body, claws 1, carnivore 3, cold resistance 1, negative energy
resistance 3, slow regeneration 1, torment resistance, unbreathing
a: Recall Undead Slaves, Injury Mirror, Animate Dead, Renounce Religion


You were on level 3 of the Dungeon.
You worshipped Yredelemnul.
Yredelemnul was most pleased with you.
You were not hungry.

You visited 1 branch of the dungeon, and saw 3 of its levels.

You collected 180 gold pieces.

Inventory:

Armour
 a - a +0 robe (worn)
 q - a +0 cloak (worn)
Scrolls
 c - a scroll of fear {unknown}
 h - a scroll of identify
 l - 3 scrolls of remove curse
 m - a scroll of recharging {unknown}
 o - a scroll of enchant armour {unknown}
 s - a scroll of fog {unknown}
Potions
 e - a potion of mutation {unknown}
 g - 2 potions of flight
 k - 2 potions of cancellation
 n - a potion of curing {unknown}
 p - a potion of degeneration {unknown}
Books
 r - a book of Minor Magic

   Spells                             Type                      Level
   a - Magic Dart                     Conjuration                  1
   b - Blink                          Translocation                2
   c - Call Imp                       Summoning                    2
   d - Repel Missiles                 Charms/Air                   2
   e - Slow                           Hexes                        2
   f - Conjure Flame                  Conjuration/Fire             3
   g - Mephitic Cloud                 Conjuration/Poison/Air       3
Comestibles
 b - 2 meat rations
 d - 3 slices of pizza
 f - 2 beef jerkies
 t - 10 chunks of flesh


   Skills:
 - Level 4.0 Fighting
 - Level 3.0 Dodging
 - Level 3.0 Stealth
 + Level 4.5 Unarmed Combat
 - Level 2.0 Invocations


You had 4 spell levels left.
You didn't know any spells.

Dungeon Overview and Level Annotations

Branches:
Dungeon (3/15)

Altars:
Dithmenos
Qazlal
Yredelemnul

Annotations:
D:3 Sigmund


Innate Abilities, Weirdness & Mutations

Your body is rotting away.
You thrive on raw meat.
You are immune to poison.
You have sharp fingernails.
You are carnivorous and can eat meat at any time.
Your flesh is cold resistant. (rC+)
You are immune to negative energy. (rN+++)
You regenerate slowly when monsters are visible.
You are immune to unholy pain and torment.
You can survive without breathing.


Message History

The adder bites you.
* * * LOW HITPOINT WARNING * * *
You scratch the adder.
The adder is severely wounded.
Your kobold zombie hits the adder.
The adder closely misses your kobold zombie.
You closely miss the adder.
The adder is almost dead.
Sigmund points at you and mumbles some strange words.
Your kobold zombie appears confused.
Your kobold zombie closely misses you.
The adder bites you but does no damage.
You claw the adder!
You kill the adder!
Yredelemnul accepts your kill.
Sigmund casts a spell.
Sigmund flickers and vanishes!
Deactivating autopickup; reactivate with Ctrl-A.
Something hits you!
You die...
Yredelemnul claims you as an undead slave.

#.# ######### ## #.# #
#............###. #Z###### ...
.... #>...ZZ.. #.#........## #..#
#.##.###. #.#.#....... .?.# .#
##.#### #.#.##.##..#
#..###........... ...........#
##....)....##.....
....##.#...#####...........#.###.
#.#.##.#........@.#.......##.###.
......÷....######Z#......#.......
#.#.##.#.#.# #{#.....##.#.##..
.......#.#.######......... #..
.........#...........#### #..
###.#.#############.## #.. #.#.#
#.# ... #.#.# #.# ##.# #.#.# #.#


You could see a friendly kobold zombie (confused).

Vanquished Creatures
  Ijyb (D:2)
  3 adders
  A worm (D:2)
  4 dart slugs (D:2)
  2 leopard geckos (D:1)
  2 orcs (D:3)
  A ball python (D:3)
  2 giant cockroaches
  5 goblins
  6 hobgoblins
  10 jackals
  7 kobolds
  6 bats
  3 frilled lizards
  9 rats
62 creatures vanquished.

Vanquished Creatures (collateral kills)
  A goblin (D:3)
1 creature vanquished.

Vanquished Creatures (others)
  A bat zombie (D:3)
  A frilled lizard zombie (D:3)
  A hobgoblin skeleton (D:2)
  A jackal zombie (D:3)
  A rat skeleton (D:3)
5 creatures vanquished.

Grand Total: 68 creatures vanquished

Notes
Turn   | Place    | Note
-------+----------+-------------------------------------------
     0 | D:1      | Lahna the Ghoul Monk began the quest for the Orb.
     0 | D:1      | Reached XP level 1. HP: 19/19 MP: 0/0
   266 | D:1      | Reached XP level 2. HP: 26/26 MP: 1/1
   637 | D:1      | Reached XP level 3. HP: 25/33 MP: 2/2
  1208 | D:2      | Found a faded altar of an unknown god.
  1239 | D:2      | Became a worshipper of Yredelemnul the Dark
  1239 | D:2      | Reached * piety under Yredelemnul
  1239 | D:2      | Reached ** piety under Yredelemnul
  1517 | D:2      | Reached XP level 4. HP: 35/40 MP: 3/3
  1546 | D:2      | Noticed Ijyb
  1567 | D:2      | Killed Ijyb
  1567 | D:2      | Reached skill level 1 in Invocations
  1747 | D:2      | Reached *** piety under Yredelemnul
  2123 | D:3      | Found a basalt altar of Yredelemnul.
  2246 | D:3      | Found a shadowy altar of Dithmenos.
  2266 | D:3      | Found a stormy altar of Qazlal.
  2416 | D:3      | Reached XP level 5. HP: 45/45 MP: 5/5
  2485 | D:3      | Noticed Sigmund
  2579 | D:3      | Mangled by Sigmund

Skill      XL: |  1  2  3  4 |
---------------+-------------+-----
Unarmed Combat | 4 |  4.5
Fighting       | 4 |  4.0
Dodging        | 3 |  3.0
Stealth        | 3 |  3.0
Invocations    | 2 |  2.0

Action                   |  1- 3 |  4- 6 || total
-------------------------+-------+-------++-------
Melee: Unarmed           |   122 |    73 ||   195
       Punch             |       |     1 ||     1
Invok: Animate Remains   |     1 |       ||     1
       Animate Dead      |       |     3 ||     3
  Use: Scroll            |       |     3 ||     3
       Potion            |       |     2 ||     2
 Stab: Sleeping          |     9 |     5 ||    14
       Invisible         |       |     1 ||     1
  Eat: Chunk             |     4 |     3 ||     7
Armor: Robe              |    29 |     8 ||    37
Dodge: Dodged            |    73 |    45 ||   118
